AoeStats
← RohrmansRohre GmbH

Arabia

509606837Analyzed
1v1 RM · 4d ago on Sep 27, 2026· 33m 23s· 2 players
Game mode
Random Map
Map size
Tiny (2 player)
Population
200
Speed
Normal
Resources
Standard
Victory
Conquest
Starting age
Dark Age
Ending age
Imperial Age
RankedLock teamsTeams togetherTeam positionsShared explorationLock speedFull tech treeHidden civsTurbo modeCheats
Victory
Defeat
🇹🇼 Mongols · Taiwan
992
+14
🇩🇪 Japanese · Germany
951
-25
RohrmansRohre GmbH
6:50 Loom
11:55 Feudal Age
12:26 Man-at-Arms
16:42 Double-Bit Axe
19:51 Horse Collar
25:38 Castle Age
23:59 Fletching
26:14 Elite Skirmisher
27:46 Padded Archer Armor
27:50 Long Swordsman
28:21 Gambesons
30:04 Pikeman
30:48 Squires
31:22 Gold Mining
中國人來一隊
2:55 Loom
9:51 Feudal Age
10:30 Double-Bit Axe
19:00 Castle Age
17:16 Fletching
19:58 Scale Barding Armor
22:50 Bloodlines
25:02 Gold Mining
28:45 Wheelbarrow
27:55 Town Watch
33:21 Imperial Age
Connection lost

Rejoining the realm…

Still unreachable

The connection could not be restored.

Session expired

The server has moved on; the page needs a fresh start.